 Dungeon Crawl Stone Soup version 0.32-a0-996-gb3226c233f (webtiles) character file.

Game seed: 2758197855954957522

2909 DrKenneth the Blocker (level 9, 0/82 HPs)
             Began as a Minotaur Fighter on Apr 23, 2024.
             Was an Initiate of Makhleb.
             Slain by an orc knight
             ... wielding a +0 war axe
              (20 damage)
             ... in a bailey on Apr 24, 2024.
             The game lasted 00:23:10 (5281 turns).

DrKenneth the Blocker (Minotaur Fighter)            Turns: 5281, Time: 00:23:11

Health: 0/82       AC:  9    Str: 35    XL:     9   Next: 49%
Magic:  8/8        EV:  8    Int:  5    God:    Makhleb [......]
Gold:   354        SH: 15    Dex: 10    Spells: 8/8 levels left

rFire   . . .        w - +4 flail
rCold   . . .        o - +5 kite shield of a bailey {^Drain Regen+ Str+4 SInv}
rNeg    . . .        b - +1 scale mail
rPois   .            (helmet restricted)
rElec   .            (no cloak)
rCorr   .            (no gloves)
SInv    +            (no boots)
Will    .....        (no amulet) Stlth
                     p - +6 ring of strength
HPRegen 1.13/turn    (no ring)
MPRegen 0.11/turn

%: no passive effects
@: mighty
A: horns 2, retaliatory headbutt
a: Renounce Religion


You were in a bailey.
You worshipped Makhleb.
Makhleb was noncommittal.
You visited 2 branches of the dungeon, and saw 9 of its levels.
You also visited: Bailey.

You collected 354 gold pieces.

Inventory:

Hand Weapons
 a - a +0 war axe
 w - a +4 flail (weapon)
Armour
 b - a +1 scale mail (worn)
 c - a +0 buckler
 o - the +5 kite shield of a bailey (worn) {^Drain Regen+ Str+4 SInv}
   (You found it on level 2 of the Dungeon)

   Str+4:     It affects your strength (+4).
   SInv:      It lets you see invisible.
   Regen+:    It increases your rate of health regeneration.
   ^Drain:    It drains your maximum health when unequipped.
Jewellery
 l - a ring of fire
 p - a +6 ring of strength (left hand)
 v - a ring of resist corrosion
Wands
 x - a wand of roots (13)
Scrolls
 k - 10 scrolls of identify
 s - 3 scrolls of immolation {unknown}
 t - 2 scrolls of vulnerability {unknown}
 y - a scroll of blinking
Potions
 e - 2 potions of cancellation
 f - a potion of haste {unknown}
 g - a potion of mutation {unknown}
 i - a potion of magic {unknown}
 j - 2 potions of curing
 m - a potion of berserk rage
 n - 2 potions of invisibility {unknown}
 r - a potion of resistance {unknown}
 u - a potion of heal wounds {unknown}


   Skills:
 + Level 8.7 Fighting
 + Level 8.2 Axes
 + Level 8.7 Armour
 + Level 8.8 Shields


You had 8 spell levels left.
You didn't know any spells.
Your spell library contained the following spells:

 Spells                   Type           Power      Damage    Failure   Level
 Cigotuvi's Dreadful Rot  Necr/Alch/Air  0%         N/A       91%         2
 Ensorcelled Hibernation  Hex/Ice        0%         N/A       91%         2
 Passwall                 Erth           0%         N/A       99%         3
 Swiftness                Air            0%         N/A       99%         3
 Dispel Undead            Necr           0%         3d6       100%        4
 Leda's Liquefaction      Alch/Erth      0%         N/A       100%        4
 Martyr's Knell           Necr/Summ      0%         N/A       100%        4
 Lee's Rapid Deconstruct  Erth           0%         3d4*      100%        5
 Permafrost Eruption      Ice/Erth       0%         2x4d1     100%        6


Dungeon Overview and Level Annotations

Branches:
Dungeon (8/15)             Temple (1/1) D:7          Bailey (1/1)
   Lair: D:8-11

Altars:
Ashenzari
Cheibriados
Dithmenos
Elyvilon
Fedhas
Gozag
Hepliaklqana
Kikubaaqudgha
Makhleb
Nemelex Xobeh
Okawaru
Qazlal
Ru
Sif Muna
Trog
Uskayaw
Vehumet
Wu Jian
Xom
Yredelemnul
Zin
The Shining One

Shops:
D:2 =   D:7 [

Annotations:
D:7 3 runed translucent doors, math4jedi's ghost, novice MiBe


Innate Abilities, Weirdness & Mutations

You have a pair of horns on your head.
You reflexively headbutt those who attack you in melee.


Message History

You block the kobold brigand's attack.
You feel very mighty all of a sudden.
The kobold brigand hits you with a +3 war axe.
You block the kobold brigand's attack. x2
You sock the kobold brigand!
You kill the kobold brigand!
Makhleb accepts your kill.
The kobold brigand hits you but does no damage.
You closely miss the kobold brigand. You headbutt the kobold brigand!!
The kobold brigand is severely wounded.
You block the kobold brigand's attack. x2
You sock the orc knight!
You headbutt the orc knight, but do no damage.
The orc knight is moderately wounded.
The orc knight hits you with a +0 war axe!
You block the kobold brigand's attack. x2
You hit the orc knight.
The orc knight is moderately wounded.
The orc knight hits you with a +0 war axe!
You block the kobold brigand's attack. x2
The orc knight hits you with a +0 war axe.
You hit the orc knight.
The orc knight is moderately wounded.
You block the kobold brigand's attack. The kobold brigand barely misses you.
The orc knight roars a battlecry!
You block the kobold brigand's attack.
You hear a shout!
You closely miss the orc knight. Your headbutt misses the orc knight.
The orc knight is moderately wounded.
You hear a shout!
The kobold brigand misses you.
The orc knight hits you with a +0 war axe!
The kobold brigand hits you with a +0 war axe.
* * * LOW HITPOINT WARNING * * *
The kobold brigand hits you with a +0 war axe.
* * * LOW HITPOINT WARNING * * *
You bludgeon the orc knight!! You headbutt the orc knight!!
The orc knight is almost dead.
The orc knight hits you with a +0 war axe!!
You die...

#....~~.......~~....#
#.###~~.......~~###.#
#....~~.......~~....#
#.###~~....(..~~###.#
#....~~.......~~....#
#.###~~.......~~###.#
#....~~.......~~....#
#####~~KK.....~~#####
##~@oK....~##
####)''#### ##.))..##
#∩....)∩# #..Kß...#
##.K(..## ###K###


.oK ..... You could see an orc knight and 3 kobold brigands.

Vanquished Creatures
  Maggie (D:7)
  Sigmund (D:6)
  A steam dragon (D:6)
  2 water moccasins
  2 ice beasts
  3 orc warriors (Bailey)
  2 ogres (D:7)
  2 phantoms (D:6)
  4 kobold brigands (Bailey)
  2 scorpions
  4 wights (D:7)
  A howler monkey (D:4)
  2 bombardier beetles
  3 hounds
  5 orc priests
  2 iguanas
  A sleepcap (D:6)
  5 orc wizards
  7 adders
  3 shadow imps
  3 dart slugs
  37 orcs
  5 ball pythons
  3 bats
  5 endoplasms
  6 giant cockroaches
  8 goblins
  4 hobgoblins
  10 jackals
  13 kobolds
  3 quokkas
  9 rats
159 creatures vanquished.

Notes
Turn   | Place    | Note
-------+----------+-------------------------------------------
     0 | D:1      | DrKenneth the Minotaur Fighter began the quest for the Orb.
     0 | D:1      | Reached XP level 1. HP: 19/19 MP: 0/0
   162 | D:1      | Reached XP level 2. HP: 24/27 MP: 1/1
   164 | D:1      | Upgraded the game from 0.32-a0-995-gb4a59205af to
                  | 0.32-a0-996-gb3226c233f
   316 | D:1      | You fall into a shaft and drop 1 floor!
   351 | D:2      | Found Qyedasch's Jewellery Emporium.
   483 | D:2      | Reached XP level 3. HP: 33/33 MP: 2/2
   833 | D:2      | Identified the +5 kite shield of a bailey {^Drain Regen+
                  | Str+4 SInv}
  1439 | D:3      | Reached XP level 4. HP: 39/40 MP: 3/3
  1666 | D:4      | Reached XP level 5. HP: 47/47 MP: 4/4
  1685 | D:4      | Reached skill level 5 in Fighting
  1685 | D:4      | Reached skill level 5 in Armour
  1685 | D:4      | Reached skill level 5 in Shields
  1869 | D:4      | Reached XP level 6. HP: 49/56 MP: 5/5
  2325 | D:5      | Entered Level 5 of the Dungeon
  2543 | D:5      | Reached skill level 5 in Axes
  2543 | D:5      | Reached XP level 7. HP: 27/62 MP: 6/6
  3432 | D:6      | Noticed a steam dragon
  3439 | D:6      | Killed a steam dragon
  3491 | D:6      | Reached XP level 8. HP: 53/71 MP: 7/7
  3636 | D:6      | Found a shimmering altar of Xom.
  3636 | D:6      | Found a white marble altar of Elyvilon.
  3649 | D:6      | Noticed Sigmund
  3662 | D:6      | Killed Sigmund
  4110 | D:6      | Found an ornate altar of the Wu Jian Council.
  4112 | D:6      | Found an opulent altar of Gozag.
  4192 | D:7      | Found a radiant altar of Vehumet.
  4203 | D:7      | Found a staircase to the Ecumenical Temple.
  4215 | D:7      | Noticed a manticore
  4215 | D:7      | Noticed math4jedi's ghost (novice MiBe)
  4218 | D:7      | Noticed a boulder beetle
  4234 | Temple   | Entered the Ecumenical Temple
  4274 | Temple   | Became a worshipper of Makhleb the Destroyer
  4369 | D:7      | Found a glowing golden altar of the Shining One.
  4516 | D:7      | Noticed Maggie
  4527 | D:7      | Killed Maggie
  4528 | D:7      | Reached XP level 9. HP: 19/81 MP: 8/8
  4809 | D:7      | Found Efeciset's Antique Armour Boutique.
  4943 | D:7      | Found a runed translucent gate.
  4943 | D:7      | Found a runed translucent gate.
  4943 | D:7      | Found a runed translucent gate.
  5085 | D:8      | Found a flagged portal.
  5100 | Bailey   | Entered a bailey
  5255 | Bailey   | Noticed an orc knight
  5281 | Bailey   | Slain by an orc knight

Illustrated notes

Levels and vault maps discovered:
D:1:      amcnicky_arrival_flooded_fountain, layout_rooms
D:2:      layout_loops_ring, serial_shops, shop
D:3:      layout_basic, solitary_fountain
D:4:      layout_basic
D:5:      layout_basic
D:6:      layout_basic, chequers_temple_overflow_statue_of_worship,
          gammafunk_temple_overflow_elements, uniq_sigmund
D:7:      layout_basic, mainiacjoe_overflow_catch_the_wave, temple_fountains,
          gammafunk_ghost_split, serial_shops, nicolae_shop_peninsula,
          nicolae_figureground_sparkle, uniq_maggie
D:8:      layout_loops_cross, erik_lair_island,
          ploomutoo_gammafunk_ghost_potion_laboratory, enter_bailey_3,
          nicolae_shop_i_like_small_books_too, reono_crystal_passage,
          minmay_puff
Temple:   eino_temple_rhombus
Bailey:   bailey_axe_3, bailey

Skill      XL: |  1  2  3  4  5  6  7  8  9 |
---------------+----------------------------+-----
Fighting       | 4 5 6 8 |  8.7
Shields        | 4 5 6 8 |  8.8
Armour         | 4 5 6 8 |  8.7
Axes           | 3 4 5 6 7 8 |  8.2

Action                     |  1- 3 |  4- 6 |  7- 9 || total
---------------------------+-------+-------+-------++-------
  Melee: War axe           |    52 |    92 |    44 ||   188
         Headbutt          |     8 |    13 |    34 ||    55
         Flail             |       |       |   184 ||   184
    Use: Scroll            |       |       |     8 ||     8
         Potion            |       |       |     2 ||     2
 Armour: Scale mail        |    34 |    57 |   122 ||   213
  Dodge: Dodged            |    20 |    33 |    66 ||   119
  Block: Buckler           |    11 |       |       ||    11
         Kite shield       |     7 |    69 |   211 ||   287

Table legend: (Time is in decaauts)
 A = Elapsed time spent in this place.
 B = Non-inter-level travel time spent in this place.
 C = Inter-level travel time spent in this place.
 D = Time resting spent in this place.
 E = Time spent auto-exploring this place.
 F = Levels seen in this place.
 G = Mean time per level.
                   A        B        C        D        E       F      G
               +--------+--------+--------+--------+--------+-----+--------+
         Total |   5411 |   4579 |    832 |    283 |   3229 |  10 |  541.1 |
       Dungeon |   5156 |   4372 |    784 |    253 |   3229 |   8 |  644.5 |
        Temple |     50 |      2 |     48 |      0 |      0 |   1 |   50.0 |
        Bailey |    204 |    204 |      0 |     30 |      0 |   1 |  204.0 |
               +--------+--------+--------+--------+--------+-----+--------+

Top non-repeatable levels by time:
     D:5: 1042 daAuts
     D:6: 860 daAuts
     D:7: 843 daAuts
     D:2: 749 daAuts
     D:4: 696 daAuts
     D:3: 493 daAuts
     D:1: 433 daAuts
  Bailey: 204 daAuts
  Temple: 50 daAuts
     D:8: 37 daAuts
